Map: Ruins of Seras

Players

Ironside - Winner!

  • Race: Zerg Zerg
  • League: Platinum

Shotgun

  • Race: Terran Terran

VOD

Have the link to the VOD?

Description

Time

  • Played on: Dec. 14, 2015, 3:44 p.m.
  • Length: 14:59
Show
View Real Time Build Order
Export as new Build Order

Ironside Zerg - Winner!

Build Orders: Hatch First, Muta Ling Bane 

Get SALT Encoding   

  12  0:00  Drone  
  13  0:12  Overlord  
  13  0:18  Drone  
  14  0:31  Drone x2  
  14  0:35  Drone  
  17  0:46  Drone  
  18  0:58  Extractor  
  18  1:01  Hatchery  
  16  1:13  Spawning Pool  
  16  1:15  Drone  
  16  1:20  Drone  
  17  1:28  Drone  
  18  1:34  Drone  
  19  1:40  Overlord  
  19  2:00  Queen, Zergling x2  
  22  2:03  Zergling x2  
  23  2:13  Queen  
  23  2:14  Zergling x2  
  26  2:16  Drone  
  26  2:17  Metabolic Boost  
  27  2:28  Zergling x4  
  29  2:33  Drone  
  29  2:35  Overlord  
  30  2:43  Drone  
  31  2:44  Queen  
  32  2:55  Queen  
  32  2:56  Drone  
  35  3:06  Drone x3  
  35  3:08  Drone  
  39  3:16  Drone x3  
  39  3:19  Overlord  
  42  3:31  Drone  
  43  3:41  Drone x4  
  44  3:42  Drone x2  
  49  3:50  Drone  
  50  4:00  Hatchery  
  50  4:02  Baneling Nest  
  48  4:12  Extractor  
  48  4:13  Extractor  
  46  4:26  Drone x3  
  46  4:27  Drone  
  46  4:28  Extractor  
  49  4:32  Drone x2  
  49  4:33  Overlord x2  
  51  4:44  Evolution Chamber, Overlord  
  50  4:47  Evolution Chamber  
  49  4:54  Spore Crawler  
  49  4:58  Zergling x16  
  49  4:59  Zergling x4  
  56  5:16  Zergling x2  
  56  5:17  Zergling x10  
  60  5:28  Drone  
  61  5:29  Drone x2  
  61  5:30  Queen  
  61  5:33  Zerg Ground Armor Level 1, Zerg Melee Weapons Level 1  
  61  5:34  Lair  
  65  5:43  Drone x5  
  70  5:55  Baneling  
  70  5:56  Baneling x14  
  70  5:57  Baneling  
  70  6:18  Zergling x18  
  71  6:19  Zergling x4  
  73  6:34  Drone x6  
  73  6:35  Spire  
  78  6:50  Extractor  
  78  6:51  Extractor  
  76  7:06  Drone x3  
  76  7:07  Drone x2  
  81  7:12  Spine Crawler  
  81  7:13  Spine Crawler  
  81  7:14  Spine Crawler  
  78  7:18  Overlord x3  
  78  7:19  Overlord  
  78  7:20  Pneumatized Carapace  
  78  7:24  Centrifical Hooks  
  78  7:26  Drone x3  
  78  7:29  Overseer  
  81  7:33  Overlord x2  
  79  7:41  Queen  
  78  7:45  Spore Crawler  
  78  7:48  Spore Crawler x2, Overseer  
  75  7:51  Overseer  
  75  7:52  Mutalisk  
  75  7:55  Mutalisk  
  76  8:11  Drone x4  
  76  8:12  Drone x4  
  84  8:13  Mutalisk  
  86  8:37  Mutalisk  
  86  8:38  Mutalisk x7  
  86  8:40  Zergling x2  
  103  8:41  Zergling x2  
  100  8:57  Mutalisk  
  100  8:58  Mutalisk x5  
  110  9:04  Overlord x2  
  110  9:07  Zerg Melee Weapons Level 2  
  110  9:16  Overseer  
  110  9:34  Zergling x22  
  110  9:35  Zergling x2  
  122  9:45  Baneling x3  
  121  9:47  Zergling x10  
  125  10:22  Zergling x2  
  125  10:23  Zergling x18  
  123  10:39  Zergling x6  
  123  10:40  Zergling x2  
  125  10:51  Zerg Ground Armor Level 2  
  125  10:56  Mutalisk x5  
  135  11:07  Zerg Flyer Weapons Level 1  
  135  11:12  Overseer  
  135  11:16  Hatchery  
  134  11:23  Baneling x10  
  134  11:24  Baneling x7  
  134  11:33  Hatchery  
  134  11:38  Zergling x20  
  134  11:39  Zergling x6  
  146  11:41  Overlord  
  133  12:13  Zergling x14  
  133  12:14  Zergling x4  
  138  12:38  Baneling  
  138  12:39  Baneling x27  
  138  12:40  Baneling x4  
  138  12:42  Drone x4  
  138  12:43  Drone  
  143  12:44  Mutalisk  
  143  12:47  Mutalisk x2  
  143  12:48  Mutalisk x2  
  153  13:02  Zergling x14  
  153  13:05  Infestation Pit  
  159  13:07  Mutalisk x3, Extractor  
  159  13:09  Extractor  
  159  13:11  Overseer x3  
  163  13:17  Burrow  
  163  13:20  Mutalisk  
  163  13:22  Overlord x4  
  165  13:34  Overlord x3  
  165  13:41  Overlord x3  
  165  13:51  Zergling x2  
  165  13:52  Zergling x28  
  165  13:53  Zergling x2  
  165  13:55  Spine Crawler x2  
  180  13:58  Spore Crawler  
  158  14:58  Extractor x2  
Show
View Real Time Build Order
Export as new Build Order

Shotgun Terran 

Build Orders: Hellion Banshee, MMM Bio 

Get SALT Encoding   

  12  0:01  SCV  
  13  0:13  SCV  
  14  0:19  Supply Depot  
  14  0:25  SCV  
  15  0:41  SCV  
  16  0:45  Barracks  
  16  0:48  Refinery  
  16  0:54  SCV  
  17  1:06  SCV  
  18  1:18  SCV  
  20  1:34  Reaper, Orbital Command  
  20  1:47  Command Center  
  20  1:56  Supply Depot  
  20  2:00  SCV  
  21  2:12  SCV  
  22  2:18  Barracks Reactor  
  22  2:28  Factory  
  22  2:31  Refinery  
  22  2:42  SCV  
  23  2:55  SCV  
  24  3:02  Barracks  
  24  3:05  Orbital Command  
  24  3:20  Starport  
  24  3:23  SCV, Barracks Tech Lab  
  25  3:29  Hellion x2  
  25  3:32  SCV  
  30  3:41  Supply Depot, SCV  
  31  3:50  SCV  
  31  3:51  Hellion x2  
  31  3:52  Barracks Tech Lab  
  31  3:53  SCV  
  31  3:54  Barracks Reactor  
  37  4:03  SCV  
  37  4:07  Banshee, Cloaking Field  
  37  4:09  SCV  
  42  4:17  Hellion x2  
  42  4:18  Marine  
  42  4:20  Stimpack  
  47  4:25  Engineering Bay  
  47  4:31  SCV  
  47  4:32  SCV, Marine x2  
  51  4:44  Bunker  
  51  4:47  Hellion  
  51  4:48  Supply Depot  
  53  5:00  SCV  
  54  5:10  Banshee, Hellion, Marine x3  
  62  5:28  Missile Turret  
  62  5:39  Engineering Bay  
  62  5:42  Supply Depot  
  62  6:03  SCV x2, Marine x3  
  67  6:05  Supply Depot  
  65  6:15  SCV x2  
  67  6:21  Hellion, Marine x3  
  70  6:27  SCV x2, Hellion  
  74  6:38  Refinery  
  74  6:39  SCV x2, Refinery  
  76  6:42  Supply Depot  
  76  6:45  Supply Depot  
  76  6:46  Marine  
  76  6:47  Marine  
  78  6:54  Barracks  
  78  7:03  Widow Mine x2  
  78  7:04  SCV x2, Marine  
  78  7:05  Starport Reactor  
  78  7:08  Supply Depot  
  85  7:10  Supply Depot  
  85  7:16  SCV x2  
  85  7:21  Marine x2  
  89  7:26  Command Center  
  89  7:28  SCV x2  
  85  7:49  Marine x2  
  85  7:51  Barracks Reactor  
  87  7:53  SCV x2  
  89  8:09  SCV x2, Marine x2  
  89  8:10  Widow Mine, Marine  
  89  8:11  Medivac, Widow Mine  
  89  8:12  Medivac  
  102  8:21  SCV x2  
  102  8:26  Terran Infantry Weapons Level 1, Terran Infantry Armor Level 1  
  104  8:33  SCV  
  104  8:54  SCV x2  
  106  9:07  SCV x2  
  108  9:11  Command Center  
  108  9:21  SCV x2  
  110  10:08  Combat Shields  
  110  10:09  Barracks  
  110  10:11  Barracks  
  110  10:15  Armory  
  110  10:18  Barracks  
  110  10:22  SCV x2, Marine x5, Medivac x2, Widow Mine x2  
  110  10:34  SCV x2  
  84  10:40  Marine x4  
  82  10:46  SCV  
  81  10:52  Missile Turret  
  81  10:54  Missile Turret, Marine  
  81  10:55  Medivac x2  
  81  10:56  Marauder  
  88  10:57  Widow Mine x2  
  88  10:58  Marine  
  93  11:10  Marine  
  93  11:11  Marine  
  95  11:12  Barracks Reactor  
  95  11:18  Marine x2  
  95  11:19  Marine x2  
  95  11:25  Missile Turret, Medivac  
  101  11:26  Missile Turret  
  100  11:39  Missile Turret  
  99  11:40  Marine x5  
  99  11:41  Marine  
  99  11:42  Medivac  
  100  11:58  Marine x2  
  98  12:02  Marine  
  98  12:03  Marine x5  
  98  12:07  Medivac  
  101  12:15  Marine  
  101  12:16  Marine  
  101  12:20  Marine  
  101  12:21  Marine  
  106  12:23  Marine  
  106  12:46  Engineering Bay  
  106  12:47  Engineering Bay  
  106  12:57  Widow Mine x2  
  106  12:58  SCV x2, Medivac x2, Marine x6  
  122  13:16  Marine x4  
  126  13:20  Command Center  
  126  13:36  Supply Depot  
  126  13:37  Supply Depot  
  126  13:39  Missile Turret x3  
  126  13:58  SCV x2, Medivac x2, Marine x6  
  116  14:15  Marine x3  
  116  14:16  Marine x2  
Tags
 
Add a new tag
Caveats
  • Supply blocks, unpowered buildings, or Contaminate may cause inaccurate times.
  • Supply counts are checked every 10 seconds.